 Dungeon Crawl Stone Soup version 0.31.0-11-ge490571c62 (webtiles) character file.

Game seed: 17668306472876146248

83 qw the Shooter (level 4, 0/25 HPs)
             Began as a Deep Elf Hunter on Feb 4, 2024.
             Succumbed to an adder's poison
             ... on level 2 of the Dungeon.
             The game lasted 00:00:03 (797 turns).

qw the Shooter (Deep Elf Hunter)                     Turns: 797, Time: 00:00:04

Health: 0/25       AC:  6    Str: 10    XL:     4   Next: 22%
Magic:  6/6        EV: 11    Int: 14    God:
Gold:   24         SH:  0    Dex: 24    Spells: 3/3 levels left

rFire   . . .        a - +0 shortbow
rCold   . . .        (shield currently unavailable)
rNeg    . . .        d - +0 ring mail
rPois   .            j - +0 helmet
rElec   .            (no cloak)
rCorr   .            (no gloves)
SInv    .            (no boots)
Will    .....        (no amulet)
Stlth   ++           f - +6 ring of dexterity
HPRegen 0.24/turn    (no ring)
MPRegen 0.10/turn

%: no passive effects
@: lethally poisoned (0 -> -8)
A: no striking features
a: no special abilities


You were on level 2 of the Dungeon.
You visited 1 branch of the dungeon, and saw 2 of its levels.

You collected 24 gold pieces.


   Skills:
 - Level 1.5 Fighting
 + Level 7.6 Ranged Weapons
 - Level 2.4 Dodging
 - Level 1.2 Stealth


You had 3 spell levels left.
You didn't know any spells.
Your spell library was empty.

Inventory:

Hand Weapons
 a - a +0 shortbow (weapon)
Armour
 d - a +0 ring mail (worn)
 j - a +0 helmet (worn)
Jewellery
 f - a +6 ring of dexterity (left hand)
Scrolls
 b - a scroll of fear {unknown}
Potions
 e - a potion of curing {unknown}
 g - a potion of heal wounds {unknown}
 h - a potion of resistance {unknown}
 k - a potion of haste {unknown}

Dungeon Overview and Level Annotations

Branches:
Dungeon (2/15)

Altars:


Message History

You shoot an arrow. The arrow hits the adder!
You kill the adder!
You see here an adder corpse.
b - a scroll labelled QEXTOM TIUDI
Found a book of the Hunter.
Found 3 boomerangs.
An adder comes into view.
You shoot an arrow. The arrow hits the adder.
The adder is lightly wounded.
You shoot an arrow. The arrow completely misses the adder.
You shoot an arrow. The arrow barely misses the adder.
The adder bites you.
You are poisoned.
The adder poisons you!
You shoot an arrow. The arrow barely misses the adder.
You feel sick. The adder bites you.
You are more poisoned.
The adder poisons you!
You shoot an arrow. The arrow closely misses the adder.
You feel very sick. The adder closely misses you. The adder bites you.
You are lethally poisoned!
The adder poisons you!
You shoot an arrow.
The arrow hits the adder but does no damage.
The adder is lightly wounded.
You feel very sick. The adder closely misses you.
You shoot an arrow. The arrow barely misses the adder.
You feel very sick. The adder barely misses you. The adder closely misses you.
You shoot an arrow. The arrow barely misses the adder.
You feel very sick. The adder bites you but does no damage.
You shoot an arrow. The arrow misses the adder.
You feel sick. The adder bites you.
You are more poisoned.
The adder poisons you! The adder barely misses you.
You shoot an arrow. The arrow barely misses the adder.
You die...

#..#.#.....PP.....
#..#.#.P......#.#
#..#.#P.........#
###..#.#....P....##
#......#......#.##
#......#......#.#
#......#P.P#.##.#
#...............#
#(:@..###########
##S##.# #. #.# #.
#.# #. #.# #. #.#
#. #.# #. #.#


You could see an adder.

Vanquished Creatures
  Jessica (D:2)
  2 adders (D:2)
  2 dart slugs (D:1)
  5 endoplasms (D:1)
  A giant cockroach (D:1)
  3 goblins (D:1)
  6 hobgoblins (D:1)
  A jackal (D:2)
  4 quokkas (D:1)
  2 ball pythons
  3 frilled lizards (D:1)
  A kobold (D:1)
  2 rats (D:1)
33 creatures vanquished.

Notes
Turn   | Place    | Note
-------+----------+-------------------------------------------
     0 | D:1      | qw the Deep Elf Hunter began the quest for the Orb.
     0 | D:1      | Reached XP level 1. HP: 12/12 MP: 3/3
     0 | D:1      | 0 ||| qw: Version: 0.3-a-160-g6735b56
     0 | D:1      | 0 ||| qw: Game counter: 4363
     0 | D:1      | 0 ||| qw: Melee chars always use a shield: true
     0 | D:1      | 0 ||| qw: God list: Okawaru
     0 | D:1      | 0 ||| qw: Allow faded altars: false
     0 | D:1      | 0 ||| qw: Do Orc after clearing Dungeon:15 true
     0 | D:1      | 0 ||| qw: Do second Lair branch before Depths: true
     0 | D:1      | 0 ||| qw: Lair rune preference: random
     0 | D:1      | 0 ||| qw: Goals: Normal
     0 | D:1      | 0 ||| PLANNING D:1-11
    66 | D:1      | Reached skill level 6 in Ranged Weapons
    66 | D:1      | Reached XP level 2. HP: 13/16 MP: 4/4
   129 | D:1      | Found a faded altar of an unknown god.
   341 | D:1      | Reached XP level 3. HP: 17/20 MP: 5/5
   707 | D:1      | 707 ||| UPGRADING to +0 ring mail.
   717 | D:1      | 717 ||| DROPPING +0 leather armour.
   718 | D:1      | 718 ||| UPGRADING to +0 helmet.
   723 | D:1      | 723 ||| UPGRADING to +6 ring of dexterity.
   724 | D:1      | 724 ||| READING scroll labelled KIQICE NAHENO.
   725 | D:1      | 725 ||| READING scroll labelled MUAMUFUROA.
   726 | D:1      | 726 ||| READING scroll labelled IRENGU DAOQEGO.
   727 | D:1      | 727 ||| READING scroll labelled ALIEN VECRE.
   728 | D:1      | 728 ||| DROPPING scroll of butterflies.
   735 | D:2      | Noticed Jessica
   738 | D:2      | Killed Jessica
   739 | D:2      | Reached skill level 7 in Ranged Weapons
   747 | D:2      | Reached XP level 4. HP: 23/25 MP: 6/6
   795 | D:2      | HP: 5/25 [poisoned by an adder]
   796 | D:2      | HP: 2/25 [adder (1)]
   797 | D:2      | Succumbed to an adder's poison

Levels and vault maps discovered:
D:1:      nzn_arrival_water_spiral, layout_loops_ring, basic_ecumenical_altar,
          minmay_splitting_lines, st_stairs_12, solitary_fountain,
          chequers_avenue
D:2:      cheibrodos_old_hovel, layout_loops_ring, uniq_jessica

Skill      XL: |  1  2  3 |
---------------+----------+-----
Ranged Weapons | 6 7 |  7.6
Fighting       | |  1.5
Dodging        | |  2.4
Stealth        | |  1.2

Action                     |  1- 3 |  4- 6 || total
---------------------------+-------+-------++-------
   Fire: Shortbow          |    78 |    16 ||    94
    Use: Scroll            |     4 |       ||     4
 Armour: Leather armour    |     6 |       ||     6
         Ring mail         |     4 |     8 ||    12
  Dodge: Dodged            |    10 |     5 ||    15

Table legend:
 A = Non-vault XP
 B = Vault XP
 C = Vault XP percentage of total XP
 D = Non-vault monster count
 E = Vault monster count
 F = Vault count percentage of total count
                 A         B        C        D         E       F
            +---------+---------+-------+---------+---------+-------
      Total |      78 |      41 |  34.5 |      30 |       3 |   9.1
            +---------+---------+-------+---------+---------+-------
        D:1 |      51 |       2 |   3.8 |      27 |       1 |   3.6
        D:2 |      27 |      39 |  59.1 |       3 |       2 |  40.0
            +---------+---------+-------+---------+---------+-------
